 Dungeon Crawl Stone Soup version 0.29.1-12-g30fa7ad0bf (webtiles) character file.

Game seed: 7724228172810611273

744 nshep25 the Chopper (level 7, 0/61 HPs)
             Began as a Minotaur Fighter on Dec 12, 2022.
             Slain by Grinder (4 damage)
             ... on level 5 of the Dungeon.
             The game lasted 00:08:09 (4343 turns).

nshep25 the Chopper (Minotaur Fighter)              Turns: 4343, Time: 00:08:10

Health: 0/61       AC:  7    Str: 23    XL:     7   Next: 47%
Magic:  2/2        EV: 10    Int:  5    God:
Gold:   232        SH:  4    Dex:  9    Spells: 6/6 levels left

rFire   + . .      SeeInvis .   n - +0 war axe (antimagic)
rCold   . . .      Faith    .   c - +0 buckler
rNeg    . . .      Spirit   .   t - +0 scale mail {rPois}
rPois   +          Reflect  .   (helmet restricted)
rElec   .          Harm     .   (no cloak)
rCorr   .          Rampage  .   (no gloves)
Will    .....                   (no boots)
Stlth   ..........              (no amulet)
HPRegen 0.20/turn               r - ring of flight
MPRegen 0.08/turn               v - ring of protection from fire

@: flying
A: horns 2, retaliatory headbutt
a: no special abilities


You were on level 5 of the Dungeon.
You visited 1 branch of the dungeon, and saw 5 of its levels.

You collected 232 gold pieces.

Inventory:

Hand Weapons
 a - a +0 war axe
 n - a +0 antimagic war axe (weapon)
Missiles
 q - a throwing net (quivered)
Armour
 b - a +0 scale mail
 c - a +0 buckler (worn)
 t - a +0 scale mail of poison resistance (worn)
Jewellery
 r - a ring of flight (left hand)
 v - a ring of protection from fire (right hand)
 y - a ring of protection from fire
 z - an amulet of magic regeneration
 E - a ring of protection from cold
Wands
 s - a wand of paralysis (8)
Scrolls
 f - a scroll of poison {unknown}
 g - 2 scrolls of butterflies {unknown}
 i - 2 scrolls of blinking {unknown}
 k - 6 scrolls of identify {unknown}
 m - 2 scrolls of magic mapping {unknown}
 x - 2 scrolls of amnesia {unknown}
 A - 2 scrolls of teleportation {unknown}
 D - a scroll of noise {unknown}
Potions
 d - a potion of might
 e - 2 potions of heal wounds
 h - 2 potions of curing
 j - a potion of berserk rage {unknown}
 l - a potion of lignification {unknown}
 o - a potion of flight {unknown}
 p - a potion of magic {unknown}
 u - a potion of degeneration {unknown}
 w - 2 potions of attraction
 B - a potion of brilliance {unknown}
 C - a potion of invisibility {unknown}


   Skills:
 + Level 5.2 Fighting
 + Level 6.9 Axes
 + Level 6.5 Armour
 + Level 1.8 Dodging
 + Level 0.5 Stealth
 + Level 4.3 Shields


You had 6 spell levels left.
You didn't know any spells.
Your spell library contained the following spells:

 Spells                   Type           Power      Damage    Failure   Level
 Summon Small Mammal      Summ           0%         N/A       85%         1
 Call Canine Familiar     Summ           0%         N/A       99%         3
 Summon Guardian Golem    Hex/Summ       0%         N/A       99%         3
 Fulminant Prism          Conj/Hex       0%         3d6       100%        4
 Iskenderun's Mystic Bla  Conj/Tloc      0%         2d3       100%        4
 Lee's Rapid Deconstruct  Erth           0%         3d5*      100%        5


Dungeon Overview and Level Annotations

Branches:
Dungeon (5/15)
 Temple: D:4-7

Altars:
Vehumet
Wu Jian
The Shining One

Annotations:
D:4 2 transporters, Yogidamonk's ghost, amateur GrEE
D:5 Grinder


Innate Abilities, Weirdness & Mutations

You have a pair of horns on your head.
You reflexively headbutt those who attack you in melee.


Message History

The black bear claws you.
A jelly comes into view.
Grinder hits you.
You writhe in agony.
You closely miss Grinder.
Grinder is heavily wounded.
You hit the black bear. You block the black bear's attack. x2
The black bear claws you. Grinder hits you.
You writhe in agony.
Grinder closely misses you.
The black bear goes berserk!
You closely miss Grinder. Your headbutt misses Grinder.
Grinder is heavily wounded.
You barely miss the black bear.
Grinder's magic is no longer disrupted.
The black bear closely misses you. You furiously retaliate!
You headbutt the black bear!
You kill the black bear!
Grinder gestures at you.
You suddenly lose the ability to move!
Grinder gestures at you. You resist with significant effort. Grinder hits you.
You writhe in agony.
You can move again.
You slash Grinder!
Grinder's magic leaks into the air.
Grinder is severely wounded.
Grinder drinks a potion.
Grinder is healed!
You slash Grinder!
Grinder's magic leaks into the air.
Grinder is moderately wounded.
Grinder falters for a moment.
The jelly hits you.
You are splashed with acid!
Grinder attacks as you move away! Grinder hits you.
* * * LOW HITPOINT WARNING * * *
You writhe in agony.
* * * LOW HITPOINT WARNING * * *
The jelly attacks as you move away! You block the jelly's attack.
There is a stone staircase leading up here.
The jelly attacks as you move away! The jelly barely misses you.
The jelly jiggles.
There is a stone staircase leading down here.
The jelly hits you but does no damage. Grinder hits you!
* * * LOW HITPOINT WARNING * * *
You writhe in agony.
You die...

#.# #.# ##########.##
..####.......##..#####
#..............)......#
#####.............)..#
...###..................#
.........J..............#
...####..5@....##########
........########
.......## ...###. .. ##


You could see Grinder (magic disrupted) and a jelly.

Vanquished Creatures
  A black bear (D:5)
  3 scorpions
  3 hounds (D:5)
  2 jellies
  2 orc priests (D:4)
  2 iguanas (D:5)
  2 orc wizards (D:4)
  3 gnolls (D:5)
  4 adders
  A white imp (D:5)
  2 worms
  11 orcs
  6 ball pythons
  7 endoplasms
  4 giant cockroaches
  7 goblins
  8 hobgoblins
  5 jackals
  5 kobolds
  2 quokkas
  3 bats
  3 frilled lizards
  4 rats
90 creatures vanquished.

Notes
Turn   | Place    | Note
-------+----------+-------------------------------------------
     0 | D:1      | nshep25 the Minotaur Fighter began the quest for the Orb.
     0 | D:1      | Reached XP level 1. HP: 19/19 MP: 0/0
   436 | D:1      | Reached XP level 2. HP: 27/27 MP: 1/1
  1079 | D:2      | Reached XP level 3. HP: 33/33 MP: 0/2
  1983 | D:3      | Found an ornate altar of the Wu Jian Council.
  2053 | D:3      | Reached XP level 4. HP: 36/40 MP: 1/3
  2714 | D:4      | Found a radiant altar of Vehumet.
  2729 | D:4      | Noticed a scorpion
  2736 | D:4      | Killed a scorpion
  2737 | D:4      | Reached XP level 5. HP: 37/47 MP: 1/4
  2893 | D:4      | Found a glowing golden altar of the Shining One.
  2926 | D:4      | Reached skill level 5 in Armour
  3171 | D:4      | Reached skill level 5 in Axes
  3287 | D:4      | Reached XP level 6. HP: 50/53 MP: 1/5
  3349 | D:4      | Noticed Yogidamonk's ghost (amateur GrEE)
  3360 | D:4      | Found a transporter.
  3362 | D:4      | Reached skill level 1 in Dodging
  3542 | D:4      | Found a transporter.
  3700 | D:5      | Entered Level 5 of the Dungeon
  3713 | D:5      | HP: 1/55 [hound (3)]
  3714 | D:5      | Reached skill level 5 in Fighting
  4016 | D:5      | Reached XP level 7. HP: 38/61 MP: 2/6
  4321 | D:5      | Noticed Grinder
  4323 | D:5      | Paralysed by Grinder for 4 turns
  4335 | D:5      | Paralysed by Grinder for 3 turns
  4343 | D:5      | Slain by Grinder

Illustrated notes

Levels and vault maps discovered:
D:1:      giann_bridges, layout_basic
D:2:      layout_basic
D:3:      layout_rooms, old_standard_altar, kennysheep_potato
D:4:      layout_loops_ring, tso_oasis_becter, vehumet_crystals,
          gammafunk_ghost_stat_death
D:5:      layout_rooms, lemuel_mausoleum_altar_kikubaaqudgha,
          nrook_pool_corridor, uniq_grinder

Skill      XL: |  1  2  3  4  5  6  7 |
---------------+----------------------+-----
Shields        | 4 |  4.3
Fighting       | 4 5 |  5.2
Axes           | 3 4 5 6 |  6.9
Armour         | 4 5 6 |  6.5
Dodging        | 1 |  1.8
Stealth        | |  0.5

Action                   |  1- 3 |  4- 6 |  7- 9 || total
-------------------------+-------+-------+-------++-------
Melee: War axe           |    77 |    83 |    31 ||   191
       Headbutt          |    15 |    11 |     5 ||    31
  Use: Potion            |       |     2 |       ||     2
Armor: Scale mail        |    50 |    44 |    21 ||   115
Dodge: Dodged            |    46 |    45 |    23 ||   114
Block: Buckler           |    19 |    19 |     7 ||    45
